 Seeded DCSS version 0.30-a0-377-g5cb311bc9f (webtiles) character file.

Game seed: 1716670486929126856 (custom seed)

7630 purpskrrrp the Skirmisher (level 10, -3/83 HPs)
             Began as a Minotaur Hunter on Nov 28, 2022.
             Was an Initiate of Yredelemnul.
             Slain by a two-headed ogre
             ... wielding a +0 giant club
              (19 damage)
             ... on level 9 of the Dungeon.
             The game lasted 00:14:09 (7212 turns).

purpskrrrp the Skirmisher (Minotaur Hunter)         Turns: 7212, Time: 00:14:09

Health: -3/83      AC: 12    Str: 17 (22) XL:     10   Next: 98%
Magic:  9/9        EV: 20    Int: -7 (9)  God:    Yredelemnul [......]
Gold:   362        SH:  0    Dex: 15 (18) Spells: 9/9 levels left

rFire   . . .      SeeInvis .    t - +6 sling "Qoewke" {speed, rElec Int+3}
rCold   . . .      Faith    .    (no shield)
rNeg    . . .      Spirit   .    E - +0 steam dragon scales
rPois   .          Reflect  .    (helmet restricted)
rElec   +          Harm     .    v - +2 cloak
rCorr   .          Rampage  .    (no gloves)
Will    .....                    m - +2 pair of boots
Stlth   ++........               (no amulet)
HPRegen 0.33/turn                F - +6 ring of strength
MPRegen 0.11/turn                (no ring)

@: slowed, lost intelligence, unable to read, very slow
A: horns 2, retaliatory headbutt
a: Renounce Religion, Recall Undead Harvest


You were on level 9 of the Dungeon.
You worshipped Yredelemnul.
Yredelemnul was noncommittal.
You visited 1 branch of the dungeon, and saw 9 of its levels.
You also visited: Sewer and Ossuary.

You collected 801 gold pieces.
You spent 439 gold pieces at shops.

Inventory:

Hand Weapons
 a - a +0 shortbow
 t - the +6 sling "Qoewke" (weapon) {speed, rElec Int+3}
   (You bought it in a shop on level 4 of the Dungeon)

   Attacks with this weapon are significantly faster.
   Int:       It affects your intelligence (+3).
   rElec:     It insulates you from electricity.
 B - the +1 great sword "Qapnin" {flame, Fly rElec rC+ Will++}
   (You bought it in a shop on level 6 of the Dungeon)

   It burns those it strikes, dealing additional fire damage.
   Big, fiery blades are also staple armaments of hydra-hunters.
   rC:        It protects you from cold.
   rElec:     It insulates you from electricity.
   Fly:       It grants you flight.
   Will:      It greatly increases your willpower.
Armour
 c - a +0 leather armour
 m - a +2 pair of boots (worn)
 v - a +2 cloak (worn)
 E - +0 steam dragon scales (worn)
Jewellery
 d - a ring of ice
 F - a +6 ring of strength (left hand)
Wands
 G - a wand of flame (19)
Scrolls
 b - 2 scrolls of immolation
 g - 2 scrolls of poison
 i - 3 scrolls of butterflies
 n - 3 scrolls of magic mapping
 o - 4 scrolls of teleportation
 u - a scroll of vulnerability {unknown}
 y - a scroll of silence {unknown}
 C - a scroll of amnesia {unknown}
 D - 2 scrolls of blinking {unknown}
Potions
 e - 11 potions of curing
 f - a potion of resistance {unknown}
 h - 2 potions of flight
 j - 2 potions of attraction
 k - 2 potions of ambrosia
 l - a potion of lignification
 p - 2 potions of invisibility
 r - 5 potions of might
 s - 3 potions of degeneration
 w - 3 potions of brilliance
 x - a potion of mutation {unknown}
 z - a potion of magic {unknown}
 A - a potion of haste {unknown}


   Skills:
 + Level 6.1 Fighting
 * Level 14.9 Ranged Weapons
 + Level 5.4 Armour
 - Level 14.4 Dodging
 - Level 0.8 Stealth


You had 9 spell levels left.
You didn't know any spells.
Your spell library contained the following spells:

 Spells                   Type           Power      Damage    Failure   Level
 Sandblast                Erth           0%         2d4       58%         1
 Sting                    Tmut/Pois      0%         1d3       58%         1
 Call Canine Familiar     Summ           0%         N/A       92%         3
 Portal Projectile        Hex/Tloc       0%         N/A       92%         3
 Leda's Liquefaction      Hex/Erth       0%         N/A       100%        4
 Petrify                  Tmut/Erth      0%         N/A       100%        4
 Metabolic Englaciation   Hex/Ice        0%         N/A       100%        5
 Iron Shot                Conj/Erth      0%         9d1       100%        6
 Statue Form              Tmut/Erth      0%         N/A       100%        6
 Shatter                  Erth           0%         3d5*      100%        9


Dungeon Overview and Level Annotations

Branches:
Dungeon (9/15)             Temple (0/1) D:4            Lair (0/5) D:9
  Sewer (visited)         Ossuary (visited)
    Orc: D:9-12

Altars:
Cheibriados
Elyvilon
Kikubaaqudgha
Okawaru
Uskayaw
Vehumet
Xom
Yredelemnul
The Shining One

Shops:
D:4 (   D:6 (   D:9 ?


Innate Abilities, Weirdness & Mutations

You have a pair of horns on your head.
You reflexively headbutt those who attack you in melee.


Message History

You are too injured to fight recklessly!
You are too injured to fight recklessly!
You are too injured to fight recklessly!
You are too injured to fight recklessly!
You are too injured to fight recklessly!
You are too injured to fight recklessly!
You are too injured to fight recklessly!
You cannot read scrolls in your current state!
Okay, then.
Fire: t) +6 sling "Qoewke" {speed, rElec Int+3}
Press: ? - help, Q - select action, (/) - cycle Shift-Dir - straight line, f/p - two-headed ogre
Aim: a two-headed ogre, wielding a +0 giant club and a +0 giant spiked club (moderately wounded, ally target, 82% to hit)
You shoot a sling bullet.
The sling bullet hits the two-headed ogre!
The two-headed ogre is severely wounded.
Your orc wizard zombie barely misses the two-headed ogre.
Fire: t) +6 sling "Qoewke" {speed, rElec Int+3}
Press: ? - help, Q - select action, (/) - cycle Shift-Dir - straight line, f/p - two-headed ogre
Aim: a two-headed ogre, wielding a +0 giant club and a +0 giant spiked club (severely wounded, ally target, 82% to hit)
You shoot a sling bullet.
The sling bullet hits the two-headed ogre.
The two-headed ogre is severely wounded.
The two-headed ogre hits you with a +0 giant club!!
* * * LOW HITPOINT WARNING * * *
The two-headed ogre closely misses you.
Fire: t) +6 sling "Qoewke" {speed, rElec Int+3}
Press: ? - help, Q - select action, (/) - cycle Shift-Dir - straight line, f/p - two-headed ogre
Aim: a two-headed ogre, wielding a +0 giant club and a +0 giant spiked club (severely wounded, ally target, 82% to hit)
You shoot a sling bullet.
The sling bullet barely misses the two-headed ogre.
Your orc wizard zombie hits the two-headed ogre but does no damage.
Fire: t) +6 sling "Qoewke" {speed, rElec Int+3}
Press: ? - help, Q - select action, (/) - cycle Shift-Dir - straight line, f/p - two-headed ogre
Aim: a two-headed ogre, wielding a +0 giant club and a +0 giant spiked club (severely wounded, ally target, 82% to hit)
You shoot a sling bullet.
The sling bullet barely misses the two-headed ogre.
The two-headed ogre barely misses you.
The two-headed ogre hits you with a +0 giant spiked club!!
You die...
Your body rises from the dead as a mindless zombie.

#.###
#... #...
#..# #..#
..
#..####..
#........
#@.....∩.
#.O......
#.Z.....>
#........
#........
#........
#........
#).......
#<...)...


You could see a two-headed ogre (ally target) and a friendly orc wizard zombie.

Vanquished Creatures
  A two-headed ogre (D:9)
  A wraith (D:7)
  6 yaks (D:8)
  3 steam dragons
  A human (D:8)
  Menkaure (D:4)
  2 water moccasins
  A sky beast (D:7)
  2 black bears
  An orc warrior (D:8)
  3 ogres
  A centaur (D:7)
  A phantom (D:7)
  6 kobold brigands
  3 bullfrogs
  A necrophage (D:8)
  A scorpion (D:5)
  3 wights (D:5)
  5 killer bees (D:8)
  An electric eel (D:8)
  A quasit (D:5)
  An orc priest (D:6)
  3 hounds
  3 iguanas (D:5)
  5 orc wizards
  Terence (D:3)
  8 mummies (Ossuary)
  Robin (D:3)
  A gnoll (D:8)
  11 adders
  A river rat (D:5)
  A shadow imp (D:7)
  A white imp (D:7)
  An ufetubus (D:5)
  5 worms
  4 dart slugs
  24 orcs
  5 endoplasms
  6 giant cockroaches
  16 goblins
  14 hobgoblins
  6 jackals
  3 quokkas
  16 ball pythons
  7 bats
  4 frilled lizards
  2 goblin skeletons (D:5)
  2 goblin zombies (D:5)
  4 hobgoblin zombies
  20 kobolds
  A kobold skeleton (D:8)
  6 kobold zombies
  4 orc skeletons (D:5)
  5 orc zombies
  9 rats
246 creatures vanquished.

Vanquished Creatures (others)
  An electric eel (D:8)
  5 fungi (D:9)
  38 plants
  5 toadstools (D:1)
49 creatures vanquished.

Grand Total: 295 creatures vanquished

Notes
Turn   | Place    | Note
-------+----------+-------------------------------------------
     0 | D:1      | purpskrrrp the Minotaur Hunter began the quest for the Orb.
     0 | D:1      | Reached XP level 1. HP: 18/18 MP: 0/0
   105 | D:1      | Reached XP level 2. HP: 25/25 MP: 1/1
   307 | D:1      | Reached skill level 5 in Ranged Weapons
   322 | D:1      | You fall into a shaft and drop 1 floor!
   368 | D:2      | Found a snail-covered altar of Cheibriados.
   439 | D:2      | Became a worshipper of Cheibriados the Contemplative
   461 | D:2      | Reached XP level 3. HP: 30/30 MP: 2/2
   559 | D:2      | Found a faded altar of an unknown god.
   577 | D:2      | Reached * piety under Cheibriados
  1592 | D:3      | Noticed Robin
  1603 | D:3      | Killed Robin
  1604 | D:3      | Reached XP level 4. HP: 28/37 MP: 3/3
  1730 | D:3      | Reached ** piety under Cheibriados
  1770 | D:3      | Noticed Terence
  1774 | D:3      | Killed Terence
  2086 | D:3      | Reached XP level 5. HP: 32/42 MP: 4/4
  2286 | D:3      | Reached *** piety under Cheibriados
  2375 | D:4      | Found a sand-covered staircase.
  2398 | Ossuary  | Entered an ossuary
  2496 | Ossuary  | Reached XP level 6. HP: 50/50 MP: 5/5
  2650 | D:4      | Found a staircase to the Ecumenical Temple.
  2824 | D:4      | Found Zeyhenn's Antique Weapon Boutique.
  2827 | D:4      | Bought an ivory sling for 117 gold pieces
  2827 | D:4      | Identified the +6 sling "Qoewke" {speed, rElec Int+3} (You
                  | bought it in a shop on level 4 of the Dungeon)
  2980 | D:4      | Noticed Menkaure
  2986 | D:4      | Killed Menkaure
  3179 | D:4      | Reached XP level 7. HP: 56/56 MP: 6/6
  3411 | D:5      | Entered Level 5 of the Dungeon
  3424 | D:5      | Found a snail-covered altar of Cheibriados.
  3496 | D:5      | Found a glowing golden altar of the Shining One.
  3519 | D:5      | Fell from the grace of Cheibriados
  3526 | D:5      | Reached skill level 10 in Ranged Weapons
  3637 | D:5      | Found a glowing drain.
  3646 | Sewer    | Entered a sewer
  3933 | Sewer    | Reached XP level 8. HP: 55/62 MP: 7/7
  4015 | Sewer    | Identified a scroll of acquirement
  4015 | Sewer    | Acquired a manual of Dodging
  4127 | D:5      | Identified the +7 dagger of Eternal War {freeze, rC+ Dex+4}
  4169 | D:5      | Reached skill level 1 in Armour
  4247 | D:5      | Got the Encyclopedia of Transmigration and Terra Firma
  4977 | D:6      | Found Etrits's Antique Weapon Shop.
  4982 | D:6      | Bought a transparent great sword for 322 gold pieces
  4982 | D:6      | Identified the +1 great sword "Qapnin" {flame, Fly rElec
                  | rC+ Will++} (You bought it in a shop on level 6 of the
                  | Dungeon)
  5422 | D:7      | Reached skill level 5 in Dodging
  5445 | D:7      | Reached XP level 9. HP: 67/72 MP: 8/8
  5716 | D:7      | Found a hide-covered altar of Uskayaw.
  5747 | D:7      | Found a radiant altar of Vehumet.
  5809 | D:7      | Reached skill level 5 in Fighting
  5903 | D:7      | Found an ancient bone altar of Kikubaaqudgha.
  6052 | D:7      | Reached XP level 10. HP: 81/81 MP: 9/9
  6235 | D:8      | Found an iron altar of Okawaru.
  6357 | D:8      | Found a runed translucent door.
  6562 | D:8      | Lost intelligence.
  6633 | D:8      | Found a shimmering altar of Xom.
  6687 | D:8      | Found a basalt altar of Yredelemnul.
  6698 | D:8      | Found a white marble altar of Elyvilon.
  6840 | D:8      | Reached skill level 5 in Armour
  7042 | D:8      | Became a worshipper of Yredelemnul the Dark
  7068 | D:9      | Found a staircase to the Lair.
  7086 | D:9      | Noticed a two-headed ogre
  7103 | D:9      | Killed a two-headed ogre
  7104 | D:9      | Found Bohomn's Magic Scroll Shop.
  7199 | D:9      | Noticed a two-headed ogre
  7212 | D:9      | Slain by a two-headed ogre

Illustrated notes

Levels and vault maps discovered:
D:1:      ncdulo_wetmaze, layout_loops_ring, serial_co_window_serial,
          co_window_of_opportunity_a, co_window_paths_a,
          co_window_of_opportunity_a, co_window_of_opportunity_a,
          co_window_paths_b, co_window_paths_a, co_window_corner_a,
          co_window_paths_c, co_window_broadway_b, co_window_unsneaky_path_a,
          co_window_paths_c, co_window_paths_d, glass_columns_a,
          glass_columns_a, st_stairs_4, minmay_gold_behind_fungi
D:2:      layout_rooms, hellmonk_ecumenical_altar_arch_garden, basic_altar
D:3:      minmay_razor_zed, layout_rooms, uniq_robin, uniq_terence
D:4:      layout_loops_ring, minmay_temple_entry_slanted, enter_ossuary_1,
          serial_shops, kennysheep_mini_moat, kennysheep_path_1,
          kennysheep_generic_room_11, uniq_menkaure
D:5:      layout_rooms, amcnicky_altar_gilded, nicolae_tso_besieged_by_evil,
          lightli_sewer_entry_pipes
D:6:      layout_loops_corners, serial_shops, nicolae_shop_trees,
          kennysheep_generic_room_13
D:7:      layout_rooms, nicolae_uskayaw_suspiria, vehumet_altar_wand_db,
          nicolae_overflow_hidden_temple, grunt_decor_arrowhead
D:8:      layout_loops_cross, dk_yredelemnul_ordeal, okawaru_altar_gauntlet_db,
          mainiacjoe_overflow_catch_the_wave, serial_bayou,
          serial_bayou_crossing, serial_bayou_pond_a, serial_bayou_shore_b,
          serial_bayou_ford_a, serial_bayou_pond_c
D:9:      gammafunk_beogh_shrine, layout_long_grid, minmay_lair_entry_grove,
          serial_shops, shop, st_stairs_13

Skill      XL: |  1  2  3  4  5  6  7  8  9 10 |
---------------+-------------------------------+-----
Ranged Weapons | 5 6 7 9 11 12 14 | 14.9
Armour         | 3 4 5 |  5.4
Fighting       | 4 5 6 |  6.1
Dodging        | 5 14 | 14.4
Stealth        | |  0.8

Action                   |  1- 3 |  4- 6 |  7- 9 | 10-12 || total
-------------------------+-------+-------+-------+-------++-------
Melee: Sling             |       |       |     1 |       ||     1
 Fire: Shortbow          |   111 |   193 |       |       ||   304
       Sling             |       |     8 |   320 |   203 ||   531
Invok: Renounce Religion |       |       |     1 |       ||     1
Evoke: Wand              |       |       |       |     2 ||     2
  Use: Scroll            |       |     6 |    11 |       ||    17
       Potion            |       |       |     1 |       ||     1
Armor: Leather armour    |    18 |    26 |    32 |       ||    76
       Steam dragon scal |       |       |     2 |    13 ||    15
Dodge: Dodged            |    24 |    43 |    49 |    58 ||   174

Table legend: (Time is in decaauts)
 A = Elapsed time spent in this place.
 B = Non-inter-level travel time spent in this place.
 C = Inter-level travel time spent in this place.
 D = Time resting spent in this place.
 E = Time spent auto-exploring this place.
 F = Levels seen in this place.
 G = Mean time per level.
                   A        B        C        D        E       F      G
               +--------+--------+--------+--------+--------+-----+--------+
         Total |  10376 |   9749 |    627 |    157 |   8130 |  11 |  943.3 |
       Dungeon |   9569 |   8942 |    627 |    157 |   7583 |   9 | 1063.2 |
         Sewer |    497 |    497 |      0 |      0 |    364 |   1 |  497.0 |
       Ossuary |    308 |    308 |      0 |      0 |    183 |   1 |  308.0 |
               +--------+--------+--------+--------+--------+-----+--------+

Top non-repeatable levels by time:
     D:8: 1814 daAuts
     D:1: 1289 daAuts
     D:4: 1286 daAuts
     D:6: 1229 daAuts
     D:5: 1091 daAuts
     D:3: 1050 daAuts
     D:7: 993 daAuts
     D:2: 647 daAuts
   Sewer: 497 daAuts
 Ossuary: 308 daAuts
     D:9: 168 daAuts
